 Dungeon Crawl Stone Soup version 0.24.1-14-gf8d2b509d9 (webtiles) character file.

Game seed: 682145983340151567, levelgen mode: deterministic

168 KlarStein the Skirmisher (level 5, 0/42 HPs)
             Began as a Demonspawn Fighter on July 11, 2020.
             Slain by an orc
             ... wielding a +2 hand axe of electrocution
              (15 damage)
             ... on level 3 of the Dungeon.
             The game lasted 00:10:43 (2546 turns).

KlarStein the Skirmisher (Demonspawn Fighter)       Turns: 2546, Time: 00:10:43

Health: 0/42       AC:  8    Str: 17    XL:     5   Next: 23%
Magic:  5/5        EV:  7    Int: 10    God:
Gold:   143        SH:  9    Dex: 12    Spells: 4/4 levels left

rFire    . . .     SeeInvis .   a - +0 long sword
rCold    . . .     Gourm    .   c - +0 shield
rNeg     . . .     Faith    .   b - +0 scale mail
rPois    .         Spirit   .   (helmet restricted)
rElec    .         Reflect  .   (no cloak)
rCorr    .         Harm     .   (no gloves)
MR       .....                  o - +0 pair of boots
Stlth    ..........             (no amulet)
HPRegen  0.14/turn              (no ring)
MPRegen  0.09/turn              (no ring)

@: about to teleport
A: antennae 1, powered by death 1
a: no special abilities


You were on level 3 of the Dungeon.
You were not hungry.

You visited 1 branch of the dungeon, and saw 3 of its levels.

You collected 143 gold pieces.

Inventory:

Hand Weapons
 a - a +0 long sword (weapon)
Armour
 b - a +0 scale mail (worn)
 c - a +0 shield (worn)
 o - a +0 pair of boots (worn)
Scrolls
 e - a scroll of immolation {unknown}
 j - 2 scrolls of identify
 k - 2 scrolls of remove curse {unknown}
Potions
 d - a potion of might
 g - 2 potions of berserk rage {unknown}
 h - a potion of invisibility {unknown}
 n - 2 potions of heal wounds {unknown}
Comestibles
 f - 4 rations
 l - 5 chunks of flesh


   Skills:
 + Level 3.7 Fighting
 * Level 3.4 Long Blades
 + Level 3.4 Armour
 + Level 3.4 Shields


You had 4 spell levels left.
You didn't know any spells.
Your spell library was empty.

Dungeon Overview and Level Annotations

Branches:
Dungeon (3/15)

Altars:


Innate Abilities, Weirdness & Mutations

You have a pair of small antennae on your head.
You regenerate a little health from kills.


Message History

You slash the frilled lizard!
You kill the frilled lizard!
A rat comes into view.
You closely miss the rat. You block the rat's attack. x2
You slash the rat!
You kill the rat!
You enter the shallow water.
Moving in this stuff is going to be slow.
You enter the shallow water.
Moving in this stuff is going to be slow.
The orc is too close now for your liking.
You barely miss the orc. The orc barely misses you.
The orc hits you but does no damage.
You are electrocuted!
You barely miss the orc. The orc hits you but does no damage.
You are electrocuted!
You closely miss the orc. The orc hits you but does no damage.
As you read the scroll of teleportation, it crumbles to dust.
You feel strangely unstable. The orc hits you but does no damage.
You are electrocuted!
You die...

..........≈≈≈≈≈≈≈≈≈≈≈≈...........
.........≈≈≈≈≈≈≈≈≈≈≈P≈≈≈≈≈≈≈.≈≈..
#..####...≈P.PP≈≈≈≈≈≈≈≈≈≈≈.≈≈≈≈≈≈
#..# #.#...≈..≈≈≈≈≈≈≈≈≈≈≈≈≈≈≈≈≈≈
#..####.#......PP≈≈≈≈≈≈≈≈≈≈≈≈≈≈≈≈
#..............≈P.≈≈.P≈≈≈≈≈≈≈.≈P≈
....[.#.##...................P≈.P
.(............##o##......##......
#>....>.........@...#######......
###########.######### #######


You could see an orc.

Vanquished Creatures
  7 adders
  4 dart slugs
  4 leopard geckos (D:1)
  5 orcs (D:3)
  3 giant cockroaches
  5 goblins
  9 hobgoblins
  13 jackals
  7 kobolds
  3 quokkas
  7 bats
  9 frilled lizards
  9 rats
85 creatures vanquished.

Vanquished Creatures (others)
  A plant (D:3)
1 creature vanquished.

Grand Total: 86 creatures vanquished

Notes
Turn   | Place    | Note
-------+----------+-------------------------------------------
     0 | D:1      | KlarStein the Demonspawn Fighter began the quest for the
                  | Orb.
     0 | D:1      | Reached XP level 1. HP: 18/18 MP: 1/1
    29 | D:1      | Gained mutation: You have a pair of small antennae on your
                  | head. [demonic ancestry]
    29 | D:1      | Reached XP level 2. HP: 22/24 MP: 2/2
   341 | D:1      | Reached XP level 3. HP: 14/29 MP: 3/3
   604 | D:1      | You fall into a shaft and drop 1 floor!
  1367 | D:2      | Gained mutation: You regenerate a little health from kills.
                  | [demonic ancestry]
  1367 | D:2      | Reached XP level 4. HP: 35/35 MP: 4/4
  2147 | D:3      | Reached XP level 5. HP: 41/41 MP: 5/5
  2546 | D:3      | Slain by an orc

Levels and vault maps discovered:
D:1:      dpeg_arrival_windows_large_door, layout_basic, minmay_pentomino_r4
D:2:      layout_basic
D:3:      layout_loops_ring, chequers_big_river

Skill      XL: |  1  2  3  4 |
---------------+-------------+-----
Long Blades    | 2 3 |  3.4
Armour         | 3 |  3.4
Shields        | 3 |  3.4
Fighting       | |  3.7

Action                   |  1- 3 |  4- 6 || total
-------------------------+-------+-------++-------
Melee: Long sword        |   136 |   141 ||   277
  Use: Scroll            |       |     4 ||     4
  Eat: Chunk             |     2 |     4 ||     6
Armor: Scale mail        |    56 |    52 ||   108
Dodge: Dodged            |    36 |    46 ||    82
Block: Shield            |    66 |    74 ||   140
       Rpst.: Long sword |    12 |    14 ||    26
